 Dungeon Crawl Stone Soup version 0.29-a0-330-g52719c12eb (webtiles) character file.

Game seed: 4391945043317442180

305 Ajdolov the Ruffian (level 6, -9/33 HPs)
             Began as a Vine Stalker Fighter on Apr 23, 2022.
             Mangled by Menkaure (14 damage)
             ... on level 4 of the Dungeon.
             The game lasted 00:03:49 (2822 turns).

Ajdolov the Ruffian (Vine Stalker Fighter)          Turns: 2822, Time: 00:03:49

Health: -9/33      AC:  8    Str: 20    XL:     6   Next: 39%
Magic:  0/11       EV:  9    Int:  8    God:
Gold:   129        SH:  0    Dex: 14    Spells: 10/10 levels left

rFire   . . .      SeeInvis +     - Unarmed
rCold   . . .      Faith    .   (no shield)
rNeg    . . .      Spirit   +   a - +0 scale mail
rPois   .          Reflect  .   d - +0 helmet {SInv}
rElec   .          Harm     .   (no cloak)
rCorr   .          Rampage  .   (no gloves)
Will    .....                   j - +0 pair of boots
Stlth   ..........              (no amulet)
HPRegen 0.91/turn               (no ring)
MPRegen 0.12/turn               (no ring)

@: no status effects
A: fangs 2, regeneration 1, magic shield, antimagic bite, no potion heal 2
a: no special abilities


You were on level 4 of the Dungeon.
You visited 1 branch of the dungeon, and saw 4 of its levels.

You collected 129 gold pieces.

Inventory:

Armour
 a - a +0 scale mail (worn)
 b - a +0 buckler
 d - a +0 helmet of see invisible (worn)
 j - a +0 pair of boots (worn)
Scrolls
 e - a scroll of magic mapping {unknown}
 g - a scroll of fear {unknown}
 k - 2 scrolls of amnesia {unknown}
 l - 3 scrolls of noise {unknown}
 m - a scroll of teleportation {unknown}
Potions
 c - a potion of might
 f - 2 potions of invisibility {unknown}
 h - a potion of attraction {unknown}
 i - 5 potions of curing {unknown}
 n - 2 potions of heal wounds {unknown}
 o - a potion of degeneration {unknown}


   Skills:
 + Level 3.9 Fighting
 - Level 2.4 Armour
 - Level 2.6 Shields
 * Level 4.8 Unarmed Combat
 + Level 2.8 Spellcasting


You had 10 spell levels left.
You didn't know any spells.
Your spell library contained the following spells:

 Spells                   Type           Power      Damage    Failure   Level
 Magic Dart               Conj           4%         1d3       67%         1
 Call Imp                 Summ           1%         N/A       82%         2
 Sublimation of Blood     Necr           1%         N/A       82%         2
 Call Canine Familiar     Summ           1%         N/A       96%         3
 Mephitic Cloud           Conj/Pois/Air  1%         N/A       96%         3
 Portal Projectile        Hex/Tloc       2%         N/A       96%         3
 Leda's Liquefaction      Hex/Erth       0%         N/A       100%        4
 Petrify                  Tmut/Erth      1%         N/A       100%        4
 Irradiate                Conj/Tmut      0%         3d13      100%        5


Dungeon Overview and Level Annotations

Branches:
Dungeon (4/15)
 Temple: D:4-7

Altars:
Qazlal

Annotations:
D:4 Menkaure


Innate Abilities, Weirdness & Mutations

You have extremely sharp teeth.
Your natural rate of healing is unusually fast.
When hurt, damage is shared between your health and your magic reserves.
Your bite disrupts and absorbs the magic of your enemies.
Potions cannot restore your health.


Message History

You hit the scorpion.
The scorpion is heavily wounded.
The scorpion completely misses you.
You hit the scorpion but do no damage. Your bite misses the scorpion.
The scorpion is heavily wounded.
The scorpion stings you but does no damage.
You hit the scorpion.
You bite the scorpion, but do no damage.
The scorpion is heavily wounded.
The scorpion stings you but does no damage.
You hit the scorpion. You bite the scorpion. You drain its power.
You feel invigorated.
The scorpion is almost dead.
The scorpion stings you but does no damage.
You hit the scorpion.
You kill the scorpion!
Things that are here:
a scorpion corpse; a ball python corpse Magic restored.
Menkaure, Prince of Dust comes into view.
Menkaure casts a spell.
Menkaure seems to speed up.
Things that are here:
a scorpion corpse; a ball python corpse You start waiting.
Menkaure calls on the powers of darkness!
Your body is wracked with pain!
Menkaure barely misses you.
You hit Menkaure.
Menkaure is moderately damaged.
Menkaure hits you!
You hit Menkaure.
Menkaure is heavily damaged.
Menkaure points at you and mumbles some strange words.
Pain shoots through your body!
* * * LOW HITPOINT WARNING * * *
You hit Menkaure. You bite Menkaure, but do no damage.
Menkaure is severely damaged.
Menkaure hits you!
You die...

###.########.### #.#
##..### #.# ###...<.# #.#
#...###....
######+######.#####.###
#.## ..........†........>#
#####
..........###.####†#####..#
.$..........#.####.......>#
######+####M@......####...#
###.........##..#
#...........##..#
###.........#####
###....<....# #...........#
#.#.........#
#####.#########
#...#.###......


You could see Menkaure (fast).

Vanquished Creatures
  A phantom (D:4)
  A scorpion (D:4)
  Jessica (D:2)
  An orc wizard (D:3)
  3 gnolls (D:2)
  2 adders
  3 dart slugs
  5 orcs (D:3)
  6 ball pythons
  7 endoplasms
  3 giant cockroaches
  3 goblins
  4 hobgoblins
  3 jackals (D:4)
  7 bats
  3 frilled lizards
  4 kobolds
  6 rats
63 creatures vanquished.

Notes
Turn   | Place    | Note
-------+----------+-------------------------------------------
     0 | D:1      | Ajdolov the Vine Stalker Fighter began the quest for the
                  | Orb.
     0 | D:1      | Reached XP level 1. HP: 11/11 MP: 2/2
   512 | D:1      | Reached XP level 2. HP: 15/16 MP: 1/3
   780 | D:1      | Found a faded altar of an unknown god.
   932 | D:2      | Reached skill level 1 in Spellcasting
   985 | D:2      | Noticed Jessica
   990 | D:2      | Killed Jessica
   991 | D:2      | Reached skill level 3 in Unarmed Combat
   991 | D:2      | Reached XP level 3. HP: 10/20 MP: 2/6
  1242 | D:2      | Gained mutation: Your natural rate of healing is unusually
                  | fast. [Vine Stalker growth]
  1242 | D:2      | Reached XP level 4. HP: 14/24 MP: 4/7
  1955 | D:3      | Reached XP level 5. HP: 25/28 MP: 7/9
  2048 | D:3      | Reached skill level 4 in Unarmed Combat
  2232 | D:3      | Found a stormy altar of Qazlal.
  2745 | D:4      | Noticed a phantom
  2766 | D:4      | Killed a phantom
  2767 | D:4      | Reached XP level 6. HP: 33/33 MP: 10/10
  2808 | D:4      | Noticed Menkaure
  2822 | D:4      | Mangled by Menkaure

Illustrated notes

Levels and vault maps discovered:
D:1:      ncdulo_wetmaze, layout_rooms, chequers_ecumenical_altar_simple
D:2:      minmay_spotlight, layout_loops_ring, uniq_jessica
D:3:      layout_loops_ring, grunt_qazlal_clouds, bh_walls_and_bars
D:4:      kennysheep_six_static_rooms, layout_rooms,
          chequers_serial_rivers_small_a, grunt_decor_cap,
          kennysheep_generic_room_8, uniq_menkaure

Skill      XL: |  1  2  3  4  5 |
---------------+----------------+-----
Spellcasting   | 1 2 |  2.8
Fighting       | 3 |  3.9
Unarmed Combat | 3 4 |  4.8
Armour         | |  2.4
Shields        | |  2.6

Action                   |  1- 3 |  4- 6 || total
-------------------------+-------+-------++-------
Melee: Unarmed           |    72 |   150 ||   222
       Bite              |    22 |    36 ||    58
       Punch             |     1 |     4 ||     5
Armor: Scale mail        |    41 |    81 ||   122
Dodge: Dodged            |    27 |    68 ||    95

Table legend: (Time is in decaauts)
 A = Elapsed time spent in this place.
 B = Non-inter-level travel time spent in this place.
 C = Inter-level travel time spent in this place.
 D = Time resting spent in this place.
 E = Time spent auto-exploring this place.
 F = Levels seen in this place.
 G = Mean time per level.
                   A        B        C        D        E       F      G
               +--------+--------+--------+--------+--------+-----+--------+
         Total |   2815 |   2735 |     80 |    308 |   1922 |   4 |  703.8 |
       Dungeon |   2815 |   2735 |     80 |    308 |   1922 |   4 |  703.8 |
               +--------+--------+--------+--------+--------+-----+--------+

Top non-repeatable levels by time:
     D:2: 953 daAuts
     D:1: 924 daAuts
     D:3: 806 daAuts
     D:4: 131 daAuts
